AoeStats
← Random

Black Forest

504879906Analyzed
4v4 RM · 26d ago on Sep 6, 2026· 59m 15s· 8 players
Game mode
Random Map
Map size
Large (8 player)
Population
200
Speed
Normal
Resources
Standard
Victory
Conquest
Starting age
Dark Age
Ending age
Imperial Age
RankedLock teamsTeams togetherTeam positionsShared explorationLock speedFull tech treeHidden civsTurbo modeCheats
Victory
Defeat
🇺🇸 Dravidians · United States
1723
+10
🇺🇸 Vikings · United States
1601
+15
🇺🇾 Chinese · Uruguay
1558
+16
🇺🇸 Tatars · United States
1487
+19
🇷🇸 Ethiopians · Serbia
1609
-17
🇧🇦 Burgundians · Bosnia & Herzegovina
1598
-16
🇭🇷 Bulgarians · Croatia
1575
-15
🇮🇹 Magyars · Italy
1507
-12
Random
1:10 Loom
1:16 Loom
11:51 Feudal Age
12:21 Man-at-Arms
13:25 Arson
14:52 Double-Bit Axe
14:47 Horse Collar
16:49 Town Watch
17:51 Fishing Lines
21:21 Castle Age
22:17 Bow Saw
22:08 Heavy Plow
28:06 Gillnets
33:21 Imperial Age
31:32 Squires
31:31 Gambesons
31:48 Scale Mail Armor
31:40 Long Swordsman
32:31 Forging
33:37 Gold Mining
34:04 Chain Mail Armor
34:23 Conscription
33:48 Two-Handed Swordsman
35:09 Gold Shaft Mining
36:18 Plate Mail Armor
35:09 Champion
36:50 Capped Ram
39:58 Iron Casting
39:24 Caravan
40:33 Hoardings
39:36 Siege Ram
40:51 Coinage
42:04 Banking
44:57 Chieftains
Mo_Tastic
11:03 Feudal Age
12:02 Double-Bit Axe
14:38 Castle Age
14:04 Fishing Lines
15:51 Bow Saw
18:22 Wheelbarrow
18:39 Gillnets
19:25 Horse Collar
22:22 Heavy Plow
24:17 Hand Cart
23:47 Loom
26:48 Imperial Age
26:57 Imperial Age
24:27 Gold Mining
24:28 Stone Mining
25:38 Fletching
25:48 Padded Archer Armor
26:18 Town Watch
27:43 Ballistics
27:38 Bodkin Arrow
27:59 Leather Archer Armor
27:12 Elite Elephant Archer
27:16 Onager
28:07 Thumb Ring
29:01 Bracer
29:49 Conscription
31:15 Chemistry
32:15 Ring Archer Armor
32:46 Coinage
32:20 Caravan
32:32 Guilds
34:16 Two-Man Saw
32:38 Pikeman
33:19 Squires
33:20 Scale Mail Armor
33:31 Forging
34:06 Wootz Steel
34:36 Banking
33:42 Halberdier
35:09 Medical Corps
35:19 Husbandry
35:39 Chain Mail Armor
36:00 Iron Casting
38:49 Blast Furnace
38:20 Plate Mail Armor
37:37 Siege Elephant
39:47 Scale Barding Armor
40:48 Bombard Tower
40:39 Masonry
45:03 Chain Barding Armor
45:52 Siege Onager
[LdS]Nestoter
0:28 Loom
11:30 Feudal Age
14:58 Castle Age
15:17 Double-Bit Axe
16:04 Town Watch
16:43 Bow Saw
16:36 Fishing Lines
17:58 Gillnets
20:57 Gold Mining
22:13 Stone Mining
27:15 Gold Shaft Mining
30:02 Imperial Age
28:09 Fletching
30:16 Stone Shaft Mining
30:57 Ballistics
30:53 Bodkin Arrow
32:11 Bracer
33:12 Chemistry
31:37 Pikeman
32:18 Squires
31:43 Elite Fire Lancer
32:25 Squires
35:37 Arson
35:53 Scale Mail Armor
36:03 Forging
35:54 Padded Archer Armor
37:13 Elite Chu Ko Nu
38:11 Chain Mail Armor
38:32 Iron Casting
38:45 Conscription
38:48 Leather Archer Armor
40:13 Plate Mail Armor
40:09 Murder Holes
42:00 Blast Furnace
41:16 Leather Archer Armor
48:02 Ring Archer Armor
48:04 Masonry
49:27 Architecture
49:23 Guard Tower
55:42 Wheelbarrow
56:46 Keep
59:51 Caravan
kwestes
0:29 Loom
11:34 Feudal Age
12:48 Man-at-Arms
27:06 Castle Age
25:16 Double-Bit Axe
32:54 Pikeman
43:42 Wheelbarrow
47:45 Town Watch
50:36 Imperial Age
48:48 Forging
48:29 Fletching
48:39 Padded Archer Armor
48:46 Scale Barding Armor
49:45 Husbandry
49:56 Bloodlines
50:25 Ballistics
50:05 Bodkin Arrow
50:26 Leather Archer Armor
52:12 Heavy Cavalry Archer
53:26 Bracer
53:56 Ring Archer Armor
53:48 Chain Barding Armor
55:00 Chemistry
54:06 Siege Engineers
54:11 Masonry
54:22 Hand Cart
54:14 Elite Skirmisher
Jimmy
0:43 Loom
11:20 Feudal Age
14:51 Arson
17:59 Double-Bit Axe
19:38 Fishing Lines
26:36 Castle Age
24:36 Horse Collar
25:47 Gold Mining
25:48 Stone Mining
28:51 Bow Saw
28:42 Heavy Plow
28:59 Fletching
30:17 Wheelbarrow
29:47 Gillnets
29:48 Town Watch
35:49 Imperial Age
34:11 Gold Shaft Mining
35:17 Hand Cart
35:51 Scale Mail Armor
36:01 Forging
35:53 Squires
35:39 Gambesons
37:20 Conscription
37:26 Bagains
37:47 Chain Mail Armor
38:54 Crop Rotation
38:58 Plate Mail Armor
39:03 Iron Casting
38:01 Capped Ram
41:29 Blast Furnace
40:00 Siege Ram
41:43 Onager
43:30 Caravan
43:14 Siege Onager
45:26 Scale Barding Armor
45:18 Stirrups
46:00 Siege Engineers
46:54 Elite Konnik
49:27 Chain Barding Armor
50:34 Plate Barding Armor
52:51 Chemistry
52:02 Masonry
55:05 Pikeman
velikasarma122
5:27 Loom
13:14 Feudal Age
17:03 Castle Age
15:09 Double-Bit Axe
18:01 Bow Saw
20:29 Fishing Lines
20:59 Horse Collar
23:57 Wheelbarrow
24:31 Gold Mining
25:06 Town Watch
25:36 Hand Cart
27:14 Scale Barding Armor
27:14 Heavy Plow
30:34 Imperial Age
28:27 Chain Barding Armor
29:09 Bloodlines
29:00 Husbandry
30:26 Stone Mining
31:54 Plate Barding Armor
30:44 Cavalier
33:56 Two-Man Saw
33:43 Fletching
34:20 Bodkin Arrow
34:26 Padded Archer Armor
34:54 Ballistics
35:40 Chemistry
34:12 Elite Skirmisher
36:19 Parthian Tactics
36:25 Bracer
37:11 Leather Archer Armor
37:03 Siege Engineers
37:09 Masonry
37:48 Crop Rotation
37:54 Gold Shaft Mining
37:29 Thumb Ring
38:47 Ring Archer Armor
38:24 Heavy Cavalry Archer
40:18 Conscription
41:10 Recurve Bow
40:53 Light Cavalry
40:59 Capped Ram
41:36 Hussar
44:08 Treadmill Crane
44:10 Paladin
SaleMajstor
0:29 Loom
9:23 Double-Bit Axe
12:59 Feudal Age
17:07 Castle Age
15:27 Horse Collar
17:53 Bow Saw
23:52 Fishing Lines
26:21 Wheelbarrow
26:21 Gillnets
28:17 Hand Cart
31:36 Imperial Age
32:07 Fletching
33:20 Chemistry
32:41 Bodkin Arrow
40:54 Caravan
45:15 Elite Skirmisher
47:06 Ballistics
47:12 Padded Archer Armor
47:13 Bracer
48:42 Leather Archer Armor
Ceki
11:31 Feudal Age
12:46 Double-Bit Axe
12:47 Horse Collar
13:08 Loom
15:29 Castle Age
13:25 Fishing Lines
18:01 Bow Saw
19:12 Wheelbarrow
20:46 Heavy Plow
22:07 Loom
22:34 Gold Mining
22:37 Stone Mining
25:32 Hand Cart
27:57 Gold Shaft Mining
28:01 Stone Shaft Mining
30:08 Imperial Age
30:06 Fletching
30:31 Onager
32:15 Chemistry
31:17 Torsion Engines
31:28 Siege Engineers
32:05 Siege Onager
33:42 Capped Ram
35:20 Siege Ram
38:02 Conscription
38:20 Coinage
38:00 Guilds
43:23 Two-Man Saw
50:31 Heavy Scorpion
57:00 Bodkin Arrow
Connection lost

Rejoining the realm…

Still unreachable

The connection could not be restored.

Session expired

The server has moved on; the page needs a fresh start.